 Dungeon Crawl Stone Soup version 0.22.1-1-ga44c0e5 (webtiles) character file.

40798 Lauz the Severer (level 13, -2/119 HPs)
             Began as a Minotaur Berserker on Nov 4, 2018.
             Was the Champion of Trog.
             Slain by poirepourri's ghost (7 damage)
             ... on level 2 of the Lair of Beasts.
             The game lasted 00:54:11 (20104 turns).

Lauz the Severer (Minotaur Berserker)              Turns: 20104, Time: 00:54:12

Health: -2/119     AC: 18    Str: 27    XL:     13   Next: 76%
Magic:  12/12      EV: 11    Int:  4    God:    Trog [******]
Gold:   1291       SH:  0    Dex: 10    Spells: 12/12 levels left

rFire    . . .     SeeInvis .   Q - +7 battleaxe (protect)
rCold    . . .     Gourm    .   (shield currently unavailable)
rNeg     . . .     Faith    +   g - +0 chain mail
rPois    +         Spirit   .   (helmet restricted)
rElec    .         Reflect  .   F - +2 cloak {MR+}
rCorr    .         Harm     .   T - +0 pair of gloves
MR       +....                  E - +0 pair of boots
Stlth    ..........             D - amulet of faith
HPRegen  0.29/turn              N - ring of poison resistance
MPRegen  0.13/turn              (no ring)

@: confused, berserk cooldown, slowed, very slow
A: retaliatory headbutt, horns 2
a: Berserk, Trog's Hand, Brothers in Arms, Renounce Religion


You were on level 2 of the Lair of Beasts.
You worshipped Trog.
Trog was exalted by your worship.
You were not hungry.

You visited 2 branches of the dungeon, and saw 17 of its levels.
You also visited: Ossuary, Bailey and Volcano.

You collected 1291 gold pieces.

Inventory:

Hand Weapons
 h - a +2 battleaxe of flaming
 p - a +1 blowgun
 y - a +0 shortbow
 A - a +0 battleaxe
 P - the +7 war axe of Circular Logic {vamp, rF+ Dex+6}
   (Trog gifted it to you on level 13 of the Dungeon)

   It inflicts no extra harm, but heals its wielder when it wounds a living foe.
   It affects your dexterity (+6).
   It protects you from fire.
 Q - a +7 battleaxe of protection (weapon)
 R - a +0 longbow
 Z - a +2 lajatang of flaming
Missiles
 q - 92 poisoned needles
 t - 2 needles of paralysis
 L - 27 tomahawks of returning (quivered)
 O - 298 arrows
 U - 3 steel tomahawks
 X - 4 steel javelins
 Y - 4 needles of sleeping
Armour
 g - a +0 chain mail (worn)
 E - a +0 pair of boots (worn)
 F - a +2 cloak of magic resistance (worn)
 T - a +0 pair of gloves (worn)
 W - +0 fire dragon scales
Jewellery
 b - a +3 amulet of reflection
 e - an uncursed amulet of guardian spirit
 l - a +5 amulet of reflection
 D - an amulet of faith (around neck)
 H - an uncursed ring of fire
 N - a ring of poison resistance (left hand)
 V - an uncursed ring of fire
Wands
 w - a wand of iceblast (9)
 C - a wand of digging (31)
 G - a wand of flame (54)
 I - a wand of clouds (2)
Scrolls
 a - 2 scrolls of immolation
 d - 7 scrolls of teleportation
 f - 6 scrolls of identify
 j - 8 scrolls of enchant armour
 k - 3 scrolls of blinking
 n - 5 scrolls of remove curse
 r - a scroll of noise
 M - a scroll of brand weapon
 S - a scroll of magic mapping
Potions
 i - 5 potions of brilliance {unknown}
 m - a potion of degeneration {unknown}
 o - a potion of might {unknown}
 s - 2 potions of berserk rage {unknown}
 u - 5 potions of haste {unknown}
 v - 9 potions of curing
 x - 4 potions of heal wounds {unknown}
 z - 2 potions of resistance {unknown}
 B - 4 potions of magic {unknown}
 J - 3 potions of invisibility {unknown}
 K - 3 potions of agility {unknown}
Comestibles
 c - 19 rations


   Skills:
 + Level 12.3 Fighting
 * Level 20.5 Axes
 - Level 2.5 Throwing
 + Level 11.6 Armour
 + Level 5.6 Dodging
 - Level 2.0 Stealth
 + Level 0.4 Evocations


You had 12 spell levels left.
You didn't know any spells.
Your spell library was empty.

Dungeon Overview and Level Annotations

Branches:
Dungeon (14/15)            Temple (0/1) D:4            Lair (3/6) D:11
 Shoals (0/4) Lair:2       Spider (0/4) Lair:2          Orc (0/2) D:10
 Vaults: D:13-14

Altars:
Ashenzari
Cheibriados
Dithmenos
Gozag
Kikubaaqudgha
Nemelex Xobeh
Ru
Sif Muna
Trog
Uskayaw
Wu Jian
Xom
The Shining One
Beogh

Shops:
D:4 [   D:7 =(

Annotations:
D:6 Edmund
D:12 3 runed doors, TotesWizzard's ghost, journeyman TrHu
Lair:2 poirepourri's ghost, journeyman GnTm


Innate Abilities, Weirdness & Mutations

You reflexively headbutt those who attack you in melee.
You have a pair of horns on your head.


Message History

Poirepourri's ghost is moderately damaged.
Poirepourri's ghost hits you!
* * * LOW HITPOINT WARNING * * *
Your iron troll goes berserk!
You feel quite a bit more hungry.
Poirepourri's ghost casts a spell at you.
The spray of energy hits you!
* * * LOW HITPOINT WARNING * * *
You are confused.
Poirepourri's ghost hits you but does no damage.
Your iron troll bites poirepourri's ghost!!
Your iron troll closely misses poirepourri's ghost.
Your iron troll misses poirepourri's ghost.
Poirepourri's ghost hits you!
* * * LOW HITPOINT WARNING * * *
Your iron troll barely misses poirepourri's ghost.
Your iron troll misses poirepourri's ghost.
Your iron troll claws poirepourri's ghost!!
Poirepourri's ghost hits you!
You die...

.###...>...........≈≈.≈.≈........
PP#.#.............≈.≈.≈.≈.≈......
...##.............≈≈.≈≈..≈..≈♣...
..P#.............≈..≈≈≈...≈≈.♣...
.................≈≈≈≈≈≈......♣...
.......................≈≈≈≈≈≈♣...
#####.........T>♣.≈≈...≈≈≈..≈..##
# ###........W.≈..≈..≈≈.≈≈.....
###.......@..≈.≈.≈.≈.≈♣....
#............≈.≈.≈≈......
#...........≈..≈≈........
##...........♣....♣.......
#.#.....###...............
##.#.....#####.#P#........
##...#.## #########.### #######
###


You could see poirepourri's ghost and a friendly iron troll (berserk).

Vanquished Creatures
  Snorg (Lair:3)
  A fire dragon (Volcano)
  Fannar (Lair:3)
  A hydra (Lair:1)
  2 centaur warriors
  A tengu warrior (D:12)
  4 two-headed ogres
  3 death yaks (D:11)
  An unseen horror (D:12)
  A deep troll (shapeshifter) (D:13)
  3 cyclopes
  An orb spider (Lair:2)
  3 salamanders (Volcano)
  A manticore (D:12)
  A black mamba (Lair:1)
  A rime drake (Lair:3)
  5 komodo dragons
  4 spiny frogs
  2 kobold demonologists (D:12)
  A tengu conjurer (D:13)
  2 trolls (D:12)
  Grinder (D:5)
  7 slime creatures
  A polar bear (Lair:2)
  5 blink frogs (Lair:1)
  3 hippogriffs
  13 spriggans
  15 yaks
  8 wyverns (Volcano)
  A shadow (D:13)
  5 fire bats (Volcano)
  2 steam dragons (Volcano)
  A hungry ghost (D:12)
  A basilisk (Lair:1)
  An acid dragon (D:13)
  A soldier ant (D:13)
  A water moccasin (D:12)
  5 porcupines
  9 orc warriors
  A necrophage (D:6)
  6 sky beasts
  3 black bears
  An ice beast (D:13)
  10 ogres
  A phantom (D:12)
  11 wolves (Lair:3)
  13 centaurs
  9 crocodiles
  3 bullfrogs
  3 big kobolds
  3 water moccasin zombies (Ossuary)
  A scorpion (D:5)
  59 killer bees
  An electric eel (Lair:2)
  5 centaur zombies
  5 crimson imps
  2 bullfrog zombies
  6 hounds
  5 centaur skeletons
  14 orc priests
  Crazy Yiuf (D:6)
  3 jellies
  17 orc wizards
  2 bullfrog skeletons
  5 iguanas
  10 worker ants
  2 big kobold zombies (Ossuary)
  3 mummies
  2 worker ant zombies
  4 gnolls
  9 adders
  A river rat (D:11)
  3 shadow imps
  7 adder zombies
  2 adder skeletons
  7 worms
  3 dart slugs
  4 leopard geckos
  70 orcs
  9 giant cockroaches
  A gnoll zombie (Ossuary)
  9 goblins
  10 hobgoblins
  9 jackals
  29 kobolds
  6 quokkas
  2 ball pythons
  5 bats
  7 frilled lizards
  2 hobgoblin zombies (Ossuary)
  4 kobold zombies (Ossuary)
  A leopard gecko skeleton (D:4)
  3 orc zombies (Ossuary)
  7 rats
  A bush (Lair:3)
  A fungus (Lair:3)
  8 plants
551 creatures vanquished.

Vanquished Creatures (others)
  3 plants
3 creatures vanquished.

Grand Total: 554 creatures vanquished

Notes
Turn   | Place    | Note
-------+----------+-------------------------------------------
     0 | D:1      | Lauz the Minotaur Berserker began the quest for the Orb.
     0 | D:1      | Reached XP level 1. HP: 19/19 MP: 0/0
   268 | D:1      | Reached skill level 4 in Axes
   312 | D:1      | Reached XP level 2. HP: 26/27 MP: 1/1
  1030 | D:2      | Reached XP level 3. HP: 22/33 MP: 2/2
  1136 | D:2      | HP: 2/49 [poisoned by an adder]
  1524 | D:2      | Reached skill level 5 in Axes
  1632 | D:2      | Reached XP level 4. HP: 40/40 MP: 3/3
  1755 | D:2      | Reached ** piety under Trog
  2688 | D:4      | Reached XP level 5. HP: 42/46 MP: 4/4
  2856 | D:3      | Reached skill level 6 in Axes
  2856 | D:3      | Reached skill level 1 in Throwing
  3135 | D:3      | Found a sacrificial altar of Ru.
  3426 | D:3      | Found a shimmering altar of Xom.
  3428 | D:3      | Found a shimmering altar of Xom.
  3428 | D:3      | Found an ornate altar of the Wu Jian Council.
  3430 | D:3      | Found a snail-covered altar of Cheibriados.
  3430 | D:3      | Found a glowing golden altar of the Shining One.
  3430 | D:3      | Found a sacrificial altar of Ru.
  3647 | D:4      | Found Nugaw's Antique Armour Boutique.
  3653 | D:4      | Reached XP level 6. HP: 52/53 MP: 5/5
  3744 | D:4      | Reached *** piety under Trog
  3748 | D:4      | Found a staircase to the Ecumenical Temple.
  4007 | D:4      | HP: 2/55 [something (1)]
  4092 | D:4      | Reached skill level 7 in Axes
  4611 | D:4      | Reached skill level 5 in Fighting
  4792 | D:4      | Reached skill level 1 in Stealth
  4792 | D:4      | Reached XP level 7. HP: 55/61 MP: 6/6
  4952 | D:4      | Found a roughly hewn altar of Beogh.
  5112 | D:5      | Entered Level 5 of the Dungeon
  5170 | D:5      | Reached skill level 8 in Axes
  5183 | D:5      | Noticed Grinder
  5195 | D:5      | Killed Grinder
  5344 | D:5      | Reached skill level 9 in Axes
  5344 | D:5      | Reached XP level 8. HP: 49/69 MP: 7/7
  5596 | D:5      | Found an opulent altar of Gozag.
  6302 | D:6      | Reached skill level 10 in Axes
  6730 | D:6      | Reached **** piety under Trog
  7003 | D:6      | Found an ornate altar of the Wu Jian Council.
  7004 | D:6      | Noticed Edmund
  7063 | D:6      | Found a runed door.
  7067 | D:6      | Noticed Crazy Yiuf
  7076 | D:6      | Killed Crazy Yiuf
  7181 | D:6      | Reached skill level 11 in Axes
  7207 | D:6      | Found a shattered altar of Ashenzari.
  7363 | D:6      | Found a bloodstained altar of Trog.
  7364 | D:6      | Found an ancient bone altar of Kikubaaqudgha.
  7365 | D:6      | Found a hide-covered altar of Uskayaw.
  7365 | D:6      | Found a sacrificial altar of Ru.
  7425 | D:7      | Found Cywaofao's Jewellery Emporium.
  7510 | D:7      | Reached XP level 9. HP: 65/77 MP: 8/8
  7759 | D:7      | Found Mopoosui's Antique Weapon Shoppe.
  7894 | D:7      | Reached skill level 5 in Armour
  8257 | D:7      | Reached skill level 12 in Axes
  8302 | D:7      | Found a deep blue altar of Sif Muna.
  8416 | D:8      | Found a sand-covered staircase.
  8426 | Ossuary  | Entered an ossuary
  8597 | Ossuary  | Reached ***** piety under Trog
  8862 | D:8      | Reached skill level 13 in Axes
  9157 | D:8      | Found a sparkling altar of Nemelex Xobeh.
  9577 | D:9      | Found a sparkling altar of Nemelex Xobeh.
  9601 | D:9      | Reached XP level 10. HP: 85/85 MP: 9/9
 10203 | D:10     | Entered Level 10 of the Dungeon
 10239 | D:10     | Reached skill level 14 in Axes
 10250 | D:10     | Found a flagged portal.
 10260 | Bailey   | Entered a bailey
 10265 | Bailey   | Noticed an orc warlord
 10336 | Bailey   | Received a gift from Trog
 10366 | Bailey   | Found a runed gate.
 10367 | Bailey   | Found a runed gate.
 10368 | Bailey   | Found a runed gate.
 10673 | D:10     | Found a staircase to the Orcish Mines.
 11315 | D:11     | Noticed a death yak
 11339 | D:11     | Killed a death yak
 11404 | D:11     | Noticed a death yak
 11406 | D:11     | Noticed a death yak
 11417 | D:11     | Reached skill level 15 in Axes
 11429 | D:11     | Killed a death yak
 11432 | D:11     | Killed a death yak
 11434 | D:11     | Found a staircase to the Lair.
 11511 | D:11     | Reached XP level 11. HP: 86/94 MP: 3/10
 11647 | D:11     | Reached skill level 16 in Axes
 12484 | D:11     | Got a pair of bloodstained gloves
 12490 | D:11     | Identified the cursed -5 pair of gloves of Fiuqumam {rElec}
                  | (You found it on level 11 of the Dungeon)
 13303 | D:12     | Killed an unseen horror
 13739 | D:12     | Found a shadowy altar of Dithmenos.
 13749 | D:12     | Reached ****** piety under Trog
 13763 | D:12     | Received a gift from Trog
 13763 | D:12     | Noticed a centaur warrior
 13770 | D:12     | Killed a centaur warrior
 13770 | D:12     | Reached skill level 5 in Dodging
 14085 | D:12     | Reached skill level 17 in Axes
 14623 | D:12     | Found a runed gate.
 14623 | D:12     | Found a runed gate.
 14623 | D:12     | Found a runed gate.
 14652 | D:12     | Noticed TotesWizzard's ghost (journeyman TrHu)
 14805 | D:13     | Noticed a tengu warrior
 14808 | D:13     | Noticed a centaur warrior
 14819 | D:12     | Killed a tengu warrior
 14933 | D:12     | Reached XP level 12. HP: 81/104 MP: 3/11
 15155 | D:13     | Killed a centaur warrior
 15155 | D:13     | Reached skill level 18 in Axes
 15270 | D:13     | Noticed a two-headed ogre
 15276 | D:13     | Killed a two-headed ogre
 15276 | D:13     | Received a gift from Trog
 15279 | D:13     | Got an ancient war axe {god gift}
 15327 | D:13     | Identified the +7 war axe of Circular Logic {vamp, rF+
                  | Dex+6} (Trog gifted it to you on level 13 of the Dungeon)
 15379 | D:13     | Reached skill level 10 in Fighting
 15508 | D:13     | Noticed a two-headed ogre
 15518 | D:13     | Killed a two-headed ogre
 15518 | D:13     | Reached skill level 19 in Axes
 16231 | Lair:1   | Entered Level 1 of the Lair of Beasts
 16268 | Lair:1   | Received a gift from Trog
 16650 | Lair:1   | Noticed a five-headed hydra
 16656 | Lair:1   | Killed an eight-headed hydra
 16897 | Lair:1   | Reached skill level 10 in Armour
 17247 | Lair:2   | Found a dark tunnel.
 17252 | Volcano  | Entered a volcano
 17307 | Volcano  | Noticed a two-headed ogre
 17311 | Volcano  | Reached XP level 13. HP: 85/115 MP: 12/12
 17680 | Volcano  | Noticed a fire dragon
 17689 | Volcano  | Killed a fire dragon
 17689 | Volcano  | Received a gift from Trog
 17960 | Lair:2   | Found a staircase to the Shoals.
 18500 | Lair:2   | Found a hole to the Spider Nest.
 18875 | Lair:3   | Noticed Snorg
 18894 | Lair:3   | Killed Snorg
 19145 | Lair:3   | Found a runed door.
 19161 | Lair:3   | Received a gift from Trog
 19192 | Lair:3   | Reached skill level 20 in Axes
 19201 | Lair:3   | Received a gift from Trog
 19302 | Lair:3   | Noticed Fannar
 19324 | Lair:3   | Killed Fannar
 20067 | Lair:3   | Noticed poirepourri's ghost (journeyman GnTm)
 20102 | Lair:2   | HP: 4/119 [poirepourri's ghost (11)]
 20104 | Lair:2   | Slain by poirepourri's ghost

Skill      XL: |  1  2  3  4  5  6  7  8  9 10 11 12 13 |
---------------+----------------------------------------+-----
Axes           | 4 5 6 7 9 11 13 15 17 19 20 | 20.5
Armour         | 3 4 6 7 8 10 11 | 11.6
Fighting       | 4 5 6 7 8 9 11 12 | 12.3
Dodging        | 3 4 5 |  5.6
Throwing       | 1 2 |  2.5
Stealth        | 1 2 |  2.0
Evocations     | |  0.4

Action                   |  1- 3 |  4- 6 |  7- 9 | 10-12 | 13-15 || total
-------------------------+-------+-------+-------+-------+-------++-------
Melee: Hand axe          |    96 |   158 |    80 |       |       ||   334
       Headbutt          |    12 |    31 |    62 |   115 |    50 ||   270
       Battleaxe         |       |       |   239 |   355 |   169 ||   763
       War axe           |       |       |       |   152 |    96 ||   248
 Fire: Blowgun           |       |    12 |       |       |       ||    12
Throw: Tomahawk          |       |       |       |    15 |       ||    15
Invok: Berserk           |     1 |     6 |     5 |     8 |     3 ||    23
       Brothers in Arms  |       |       |       |       |     1 ||     1
Evoke: Wand              |       |       |       |       |     1 ||     1
  Use: Potion            |     3 |     1 |       |       |     3 ||     7
       Scroll            |       |       |    10 |     3 |     5 ||    18
 Stab: Paralysed         |       |     1 |       |       |       ||     1
       Sleeping          |       |     1 |       |       |       ||     1
  Eat: Chunk             |     3 |    11 |    11 |    16 |     9 ||    50
       Ration            |       |     1 |     3 |     6 |     1 ||    11
Armor: Animal skin       |    17 |    21 |       |       |       ||    38
       Skin              |     2 |       |       |       |       ||     2
       Chain mail        |       |     1 |   177 |   282 |   134 ||   594
Dodge: Dodged            |    45 |   100 |   142 |   263 |   146 ||   696
